Map: Beckett Industries LE

Players

blcyber

  • Race: Zerg Zerg
  • League: Gold

Overmind - Winner!

  • Race: Terran Terran
  • League: Silver

VOD

Have the link to the VOD?

Description

Time

  • Played on: June 23, 2021, 7:30 p.m.
  • Length: 8:19
Show
View Real Time Build Order
Export as new Build Order

blcyber Zerg 

Build Orders: Hatch First 

Get SALT Encoding   

  12  0:01  Drone  
  13  0:15  Drone  
  13  0:18  Overlord  
  14  0:38  Drone x3  
  17  0:58  Drone  
  17  1:01  Hatchery  
  17  1:02  Drone  
  18  1:11  Extractor  
  18  1:17  Spawning Pool  
  16  1:18  Drone  
  16  1:21  Drone  
  18  1:32  Drone  
  19  1:42  Drone  
  20  1:56  Overlord  
  20  2:05  Queen  
  22  2:14  Metabolic Boost  
  22  2:16  Queen  
  24  2:32  Zergling x6  
  24  2:33  Zergling x2, Hatchery  
  27  2:42  Drone x2  
  29  2:49  Drone  
  29  2:50  Drone  
  31  3:07  Queen  
  33  3:13  Overlord  
  33  3:17  Drone x2  
  33  3:18  Drone  
  36  3:21  Overlord  
  36  3:33  Drone x4  
  40  3:50  Zergling x4  
  40  3:51  Zergling x6  
  45  3:59  Queen  
  45  4:01  Spine Crawler  
  46  4:11  Drone, Spine Crawler  
  46  4:12  Drone x5  
  51  4:19  Queen  
  51  4:20  Overlord  
  53  4:27  Drone  
  53  4:30  Drone x4  
  58  4:34  Extractor  
  58  4:36  Drone  
  58  4:40  Drone x2  
  58  4:42  Overlord  
  56  5:03  Zergling x10  
  56  5:04  Zergling x8  
  56  5:16  Zergling x6  
  59  5:23  Zergling x2  
  59  5:24  Zergling x8  
  58  5:31  Zergling x6  
  58  5:40  Zergling x2  
  54  5:51  Queen  
  56  6:15  Evolution Chamber x2  
  54  6:18  Lair  
  54  6:19  Baneling Nest  
  54  6:24  Spore Crawler  
  52  6:27  Spore Crawler x2, Queen  
  52  6:28  Drone x6  
  52  6:29  Drone x6  
  64  7:01  Drone x2  
  64  7:02  Drone x2, Queen  
  64  7:03  Drone x2  
  64  7:06  Zergling x4  
  74  7:09  Overlord x4  
  74  7:10  Overlord  
  74  7:25  Hydralisk Den  
  73  7:30  Extractor  
  73  7:33  Drone x4  
  73  7:34  Extractor  
  73  7:35  Drone x3  
  79  7:37  Drone x3  
  79  7:38  Overlord  
  79  7:41  Queen  
  83  7:55  Zergling x10  
  83  7:56  Zergling x2  
  83  7:58  Baneling  
Show
View Real Time Build Order
Export as new Build Order

Overmind Terran - Winner!

Build Orders:  

Get SALT Encoding   

  12  0:00  SCV  
  13  0:12  SCV  
  14  0:21  Supply Depot  
  14  0:24  SCV  
  15  0:42  SCV  
  16  0:45  Barracks  
  16  0:54  Refinery  
  16  0:55  SCV  
  17  1:05  Barracks  
  17  1:09  SCV  
  18  1:27  SCV  
  18  1:28  Refinery  
  19  1:37  Barracks Tech Lab  
  19  1:42  Supply Depot  
  19  1:43  Orbital Command  
  19  1:58  Barracks Reactor  
  19  1:59  Marauder  
  21  2:09  SCV  
  21  2:15  Concussive Shells  
  22  2:23  Factory  
  22  2:29  Marauder  
  24  2:34  Marine  
  24  2:35  Marine  
  26  2:42  SCV  
  27  2:49  Supply Depot  
  27  2:52  Engineering Bay  
  27  2:55  SCV  
  27  2:56  Marine  
  27  2:57  Marine  
  30  3:11  Marauder  
  32  3:16  Starport  
  32  3:18  Factory Tech Lab  
  32  3:20  Marine  
  32  3:22  Marine  
  32  3:25  SCV  
  35  3:33  Supply Depot  
  35  3:39  Stimpack  
  35  3:48  Marauder  
  37  3:51  Marine x2  
  39  3:56  Medivac  
  41  4:08  Terran Infantry Weapons Level 1  
  41  4:20  Marauder  
  43  4:30  Command Center  
  43  4:33  Medivac  
  45  4:42  Supply Depot  
  45  4:47  Marauder  
  47  4:57  Marine  
  36  5:51  Marine x2  
  36  5:52  Marauder  
  40  5:58  Starport Reactor  
  40  6:00  Siege Tank  
  40  6:02  Orbital Command  
  43  6:19  Marine x2, Marauder  
  47  6:28  SCV  
  47  6:32  Barracks  
  48  6:37  Medivac x2  
  52  6:41  Marine x2  
  52  6:42  Marauder, Combat Shield  
  52  6:46  Siege Tank  
  59  6:58  SCV  
  60  7:04  SCV  
  60  7:06  Refinery  
  60  7:08  Refinery  
  61  7:13  Medivac  
  61  7:14  Marine x2  
  61  7:15  Marine  
  66  7:18  Hellion  
  68  7:24  Barracks Reactor  
  68  7:33  Marine x2  
  70  7:57  Marauder, Hellion, Supply Depot  
  74  7:59  Missile Turret  
Tags
 
Add a new tag
Caveats
  • Supply blocks, unpowered buildings, or Contaminate may cause inaccurate times.
  • Supply counts are checked every 10 seconds.